Map: Central Protocol

Players

Wiccan - Winner!

  • Race: Terran Terran
  • League: Gold

Devotion

  • Race: Terran Terran
  • League: Gold

VOD

Have the link to the VOD?

Description

I lost to reaper rush, advice needed.

Time

  • Played on: Nov. 25, 2015, 3:52 p.m.
  • Length: 7:38
Show
View Real Time Build Order
Export as new Build Order

Wiccan Terran - Winner!

Build Orders: Mass Reaper 

Get SALT Encoding   

  12  0:02  SCV  
  13  0:14  SCV  
  13  0:19  Supply Depot  
  14  0:26  SCV  
  15  0:33  Refinery  
  15  0:41  SCV  
  16  0:53  SCV  
  17  1:14  Barracks  
  17  1:17  SCV, Barracks  
  18  1:29  SCV  
  18  1:30  Barracks  
  19  1:40  Refinery  
  19  1:41  SCV  
  20  1:53  SCV  
  21  2:15  Orbital Command  
  21  2:18  Reaper x2  
  23  2:24  Supply Depot  
  23  2:31  Supply Depot  
  23  2:33  Reaper  
  23  3:04  SCV  
  24  3:06  Reaper x3  
  27  3:16  SCV  
  28  3:28  SCV  
  29  4:17  Reaper x3  
  31  4:43  Command Center  
  31  4:44  Command Center  
  31  4:46  Command Center  
  31  4:49  Reaper x3  
  34  5:22  SCV  
  35  5:34  SCV  
  36  5:46  SCV  
  37  5:59  SCV  
  38  6:11  SCV  
  39  6:53  SCV  
  40  6:56  Reaper x2  
  40  6:57  Reaper  
  43  7:05  SCV  
  44  7:17  SCV  
Show
View Real Time Build Order
Export as new Build Order

Devotion Terran 

Build Orders: Reaper Expand 

Get SALT Encoding   

  12  0:00  SCV  
  13  0:13  SCV  
  14  0:19  Supply Depot  
  14  0:25  SCV  
  15  0:41  SCV  
  15  0:42  Barracks  
  16  0:52  Refinery  
  16  0:53  SCV  
  17  1:05  SCV  
  18  1:17  SCV  
  19  1:29  SCV  
  20  1:35  Reaper  
  21  1:47  Command Center  
  21  1:48  Orbital Command  
  21  2:07  Barracks Reactor  
  21  2:13  Supply Depot  
  21  2:14  SCV  
  21  2:15  Refinery  
  22  2:27  SCV  
  23  2:46  Marine  
  23  2:47  Marine  
  25  2:56  Bunker  
  24  3:01  Bunker  
  24  3:06  Bunker, Marine  
  24  3:07  Marine  
  24  3:11  Orbital Command  
  26  3:20  Barracks  
  26  3:24  Barracks, Marine x2  
  28  3:32  SCV  
  27  3:42  Marine x2  
  27  3:44  SCV  
  27  4:00  Marine x2  
  27  4:14  SCV  
  27  4:15  SCV  
  26  4:26  SCV  
  26  4:27  SCV  
  25  4:33  Marine x2  
  27  4:39  SCV  
  27  4:51  Marine  
  28  4:53  Marine  
  28  4:54  SCV  
  27  5:06  SCV, Factory  
  28  5:11  SCV  
  29  5:18  SCV  
  30  5:23  Bunker  
  30  5:25  SCV  
  30  5:28  Barracks  
  28  5:53  Widow Mine  
  24  6:18  Marine  
  25  6:34  SCV  
  25  6:36  Marine  
  25  6:46  SCV  
  19  6:49  Widow Mine  
  21  6:58  SCV  
  20  7:10  SCV  
  20  7:15  Marine  
Tags
 
Composition
Mass Reaper
League
GoldGold
Matchup
TvT
Race
Terran
Add a new tag
Caveats
  • Supply blocks, unpowered buildings, or Contaminate may cause inaccurate times.
  • Supply counts are checked every 10 seconds.